 Dungeon Crawl Stone Soup version 0.23-a0-690-g0a1fc62c7c (webtiles) character file.

146324 LLavrengius the Peltast (level 17, -11/108 HPs)
             Began as an Octopode Fighter on Jan 11, 2019.
             Was the Champion of Wu Jian.
             Killed from afar by Arachne (31 damage)
             ... with a bolt of poison
             ... on level 2 of the Spider Nest.
             The game lasted 02:25:53 (34877 turns).

LLavrengius the Peltast (Octopode Fighter)         Turns: 34877, Time: 02:25:55

Health: -11/108    AC: 12    Str: 26    XL:     17   Next: 44%
Magic:  23/23      EV: 10    Int:  9    God:    Wu Jian [******]
Gold:   2041       SH:  0    Dex: 18    Spells: 14/24 levels left

rFire    . . .     SeeInvis .   W - +2 rapier of Lipsy {venom, Str+4 Int-3}
rCold    + . .     Gourm    .   K - +3 shield {AC+3}
rNeg     . . .     Faith    .   (helmet restricted)
rPois    .         Spirit   .   V - amulet of rage
rElec    .         Reflect  .   q - +2 ring of strength
rCorr    .         Harm     .   s - +5 ring of protection
MR       +....                  x - +5 ring of strength
Stlth    +++++++...             t - +3 ring of protection
HPRegen  0.28/turn              g - +3 ring of dexterity
MPRegen  0.18/turn              c - ring of protection from cold
                                (no ring)
                                (no ring)

@: lethally poisoned (-11 -> -26), held
A: almost no armour, stealthy swim, amphibious, 8 rings, constrict 8, large bone
plates 1, camouflage 1, dopey 1, frail 1, wild magic 1, gelatinous body 1
a: Wall Jump, Serpent's Lash, Heavenly Storm, Renounce Religion, Evoke Berserk
Rage


You were on level 2 of the Spider Nest.
You worshipped Wu Jian.
Wu Jian was exalted by your worship.
You were not hungry.

You visited 5 branches of the dungeon, and saw 26 of its levels.
You also visited: Bailey and Volcano.

You collected 3600 gold pieces.
You spent 1559 gold pieces at shops.

Inventory:

Hand Weapons
 a - a +1 rapier
 G - a +5 spear
 N - a +7 blowgun
 O - a +2 dagger of freezing
 Q - a +5 short sword
 S - a +1 scimitar of flaming
 W - the +2 rapier of Lipsy (weapon) {venom, Str+4 Int-3}
   (You acquired it on level 2 of the Orcish Mines)

   It poisons the flesh of those it strikes.
   It affects your strength (+4).
   It affects your intelligence (-3).
Missiles
 v - 138 poisoned needles
 B - 4 throwing nets
 R - 33 tomahawks of returning (quivered)
 Y - 9 curare-tipped needles
Armour
 J - a +1 shield of fire resistance
 K - a +3 shield of protection (worn)
Jewellery
 c - a ring of protection from cold (on tentacle)
 g - a +3 ring of dexterity (on tentacle)
 h - an uncursed ring of ice
 q - a +2 ring of strength (left tentacle)
 s - a +5 ring of protection (right tentacle)
 t - a +3 ring of protection (on tentacle)
 x - a +5 ring of strength (on tentacle)
 H - an uncursed ring of protection from cold
 V - an amulet of rage (around mantle)
Wands
 n - a wand of paralysis (33)
 A - a wand of iceblast (5)
 E - a wand of flame (36)
 P - a wand of disintegration (6)
Scrolls
 e - 11 scrolls of teleportation
 i - 15 scrolls of remove curse
 l - 10 scrolls of enchant weapon
 r - 6 scrolls of amnesia
 y - a scroll of blinking
 C - 2 scrolls of fear
 I - a scroll of summoning
 M - 3 scrolls of identify
Potions
 b - 3 potions of agility
 f - a potion of haste
 j - 6 potions of curing
 k - 5 potions of magic
 m - 2 potions of berserk rage
 p - 4 potions of flight
 u - 2 potions of brilliance
 w - 3 potions of cancellation
 z - 2 potions of heal wounds
 D - 2 potions of resistance
 F - 5 potions of might
 X - a potion of invisibility
Miscellaneous
 o - a sack of spiders
 T - a lightning rod (4/4)
 U - a lamp of fire
 Z - a phial of floods
Comestibles
 d - 36 rations


   Skills:
 + Level 12.7 Fighting
 - Level 14.0 Short Blades
 + Level 9.3 Dodging
 - Level 14.0 Stealth
 - Level 15.0 Shields
 - Level 4.0 Spellcasting
 + Level 7.4 Hexes
 - Level 2.0 Translocations
 - Level 8.0 Evocations


You had 14 spell levels left.
You knew the following spells:

 Your Spells              Type           Power        Failure   Level  Hunger
a - Confusing Touch       Hex            ###...       2%          1    #......
b - Blink                 Tloc           N/A          26%         2    ###....
c - Dazzling Spray        Conj/Hex       ##....       26%         3    ###....
d - Cause Fear            Hex            ###.......   19%         4    #####..

Your spell library contained the following spells:

 Spells                   Type           Power        Failure   Level  Hunger
 Corona                   Hex            ###....      2%          1    #......
 Slow                     Hex            ###.....     3%          2    ###....
 Apportation              Tloc           #.....       17%         1    #......
 Portal Projectile        Hex/Tloc       ##....       17%         3    ###....
 Inner Flame              Hex/Fire       ##......     26%         3    ###....
 Summon Guardian Golem    Hex/Summ       ##......     26%         3    ###....
 Animate Skeleton         Necr           N/A          34%         1    #......
 Magic Dart               Conj           #...         34%         1    #......
 Summon Small Mammal      Summ           #...         34%         1    #......
 Call Imp                 Summ           #.......     47%         2    ###....
 Searing Ray              Conj           #.....       47%         2    ###....
 Fulminant Prism          Conj/Hex       ##........   61%         4    #####..
 Leda's Liquefaction      Hex/Erth       ##........   61%         4    #####..
 Conjure Flame            Conj/Fire      #.......     71%         3    ###....
 Mephitic Cloud           Conj/Pois/Air  #.......     71%         3    ###....
 Force Lance              Conj/Tloc      #.......     91%         4    #####..
 Iskenderun's Mystic Bla  Conj           #.......     97%         4    #####..
 Alistair's Intoxication  Tmut/Pois      #.......     100%        5    ######.
 Shadow Creatures         Summ           N/A          100%        6    #######


Dungeon Overview and Level Annotations

Branches:
Dungeon (15/15)            Temple (1/1) D:4            Lair (6/6) D:8
  Swamp (0/4) Lair:2       Spider (2/4) Lair:3        Slime (0/5) Lair:5
    Orc (2/2) D:12            Elf (0/3) Orc:2        Vaults (0/5) D:13
 Depths: D:15

Altars:
Ashenzari
Cheibriados
Dithmenos
Elyvilon
Fedhas
Gozag
Hepliaklqana
Kikubaaqudgha
Makhleb
Nemelex Xobeh
Okawaru
Qazlal
Ru
Sif Muna
Trog
Uskayaw
Vehumet
Wu Jian
Xom
Yredelemnul
Zin
The Shining One
Beogh
Jiyva

Shops:
D:7 [   D:14 !   Orc:2 [:*(

Annotations:
D:6 3 runed doors, hemabe's ghost, novice HuAr
D:7 2 transporters, EnegeticOcto's ghost, novice OgWr
Spider:2 Arachne


Innate Abilities, Weirdness & Mutations

You cannot wear most types of armour.
You are very stealthy in the water. (Stealth+)
You are amphibious.
You can wear up to eight rings at the same time.
You can use your tentacles to constrict eight enemies at once.
Your skin changes colour to match your surroundings (Stealth+).
Your rubbery body absorbs attacks. (AC +1, EV +1)
You are partially covered in large bone plates. (SH +4)
You are dopey. (Int -2)
You are frail. (-10% HP)
Your spells are a little harder to cast, but a little more powerful.


Message History

Arachne's staff shoots out a stream of webbing.
You block the stream of webbing.
You feel sick.
You feel sick.
Arachne stares at you and mumbles some strange words.
The bolt of poison hits you!
You are more poisoned.
* * * LOW HITPOINT WARNING * * *
Arachne's staff shoots out a stream of webbing.
The stream of webbing hits you!
You are caught in a web!
There is a web here.
You feel better.
You struggle to detach yourself from the web.
Arachne hits you with an uncursed staff of poison!
* * * LOW HITPOINT WARNING * * *
You are poisoned.
Arachne stares at you and mumbles some strange words.
The bolt of poison hits you!
You are more poisoned.
You die...

#......#.## ######
##..####..####^...#
#...........#...^#
##..........##....#
##...######.......##
##.....#.#.#<.......#
##....###^..##...#####
#####<...^.##....#....#
###..#....####H@...###..#
##.#..#...##...^###...####
#.......###......# ...#
..........#......##..s..
#..###.#..####.†>.##..!..
....^###...# #.....###..#
......###..# #.^#!...#...
#...### #.## ##.#....#
###..# ### ###..###


You could see Arachne.

Vanquished Creatures
  An orc warlord (Orc:2)
  A stone giant (Volcano)
  A spark wasp (Spider:2)
  Snorg (D:11)
  An ettin (Orc:1)
  Erolcha (D:11)
  Josephine (D:10)
  Harold (Lair:2)
  5 hydras
  A death knight (D:13)
  4 centaur warriors
  2 ogre magi
  A deep troll shaman (Lair:6)
  A catoblepas (Lair:6)
  9 two-headed ogres
  8 death yaks
  Urug (Lair:1)
  2 orc high priests (Orc:2)
  Sonja (D:11)
  2 skeletal warriors (D:13)
  3 unseen horrors
  Pikel (D:7)
  6 orc knights
  7 orb spiders
  7 wolf spiders
  8 ugly things
  4 orc sorcerers (Orc:2)
  A deep elf mage (D:14)
  6 cyclopes
  26 elephants
  A manticore (D:14)
  Joseph (D:7)
  2 black mambas
  4 gargoyles
  A torpor snail (Spider:2)
  10 spiny frogs
  8 komodo dragons
  3 rime drakes
  2 efreet
  6 demonic crawlers
  A tengu conjurer (D:12)
  2 polar bears
  6 trolls
  15 jumping spiders
  Prince Ribbit (D:9)
  2 bog bodies (Lair:2)
  5 hornets
  8 blink frogs
  8 hippogriffs
  9 slime creatures
  10 dream sheep
  2 vampires
  8 tarantellas
  18 redbacks
  A shadow (D:15)
  9 wraiths
  2 wyverns
  3 basilisks
  13 vampire mosquitoes
  3 fire elementals (Volcano)
  A hungry ghost (D:10)
  26 yaks
  3 wargs (Orc:1)
  Menkaure (D:7)
  10 water moccasins
  2 acid dragons
  A soldier ant (D:14)
  10 porcupines
  2 sky beasts
  4 ice beasts
  31 orc warriors
  A slave (D:7)
  13 ogres
  4 black bears
  3 necrophages
  A boggart (D:13)
  2 eyes of draining
  12 wolves
  15 centaurs
  2 phantoms
  9 crocodiles
  6 big kobolds
  Blork the orc (D:7)
  12 bullfrogs
  A gnoll sergeant (D:7)
  2 wyvern skeletons
  4 scorpions
  11 killer bees
  8 wights
  4 electric eels
  3 vampire bats (D:7)
  6 howler monkeys
  4 crimson imps
  A bullfrog zombie (D:5)
  4 centaur zombies
  7 jellies
  11 hounds
  14 orc priests
  4 bullfrog skeletons
  Crazy Yiuf (D:3)
  3 centaur skeletons
  19 orc wizards
  2 iguanas
  9 worker ants
  A hound zombie (D:8)
  2 hound skeletons
  A howler monkey zombie (D:8)
  A howler monkey skeleton (D:5)
  11 adders
  5 shadow imps
  6 oozes
  4 adder skeletons
  7 worms
  3 dart slugs
  8 leopard geckos
  68 orcs
  2 bat skeletons (D:7)
  3 bat zombies (D:7)
  8 giant cockroaches
  12 goblins
  11 hobgoblins
  8 jackals
  26 kobolds
  6 quokkas
  9 bats
  8 frilled lizards
  A giant cockroach zombie (D:5)
  A jackal zombie (D:7)
  A quokka skeleton (D:4)
  A quokka zombie (D:5)
  7 rats
789 creatures vanquished.

Vanquished Creatures (others)
  A redback (Spider:1)
  A bush (Lair:4)
  19 fungi
  14 plants
35 creatures vanquished.

Grand Total: 824 creatures vanquished

Notes
Turn   | Place    | Note
-------+----------+-------------------------------------------
     0 | D:1      | LLavrengius the Octopode Fighter began the quest for the
                  | Orb.
     0 | D:1      | Reached XP level 1. HP: 16/16 MP: 1/1
    23 | D:1      | Reached skill level 1 in Stealth
    29 | D:1      | Reached XP level 2. HP: 13/21 MP: 2/2
   320 | D:1      | Reached XP level 3. HP: 25/26 MP: 3/3
   370 | D:1      | Found a shattered altar of Ashenzari.
  1166 | D:2      | Reached XP level 4. HP: 31/31 MP: 4/4
  1724 | D:2      | Found a bloodstained altar of Trog.
  1971 | D:3      | Reached XP level 5. HP: 27/36 MP: 5/5
  2321 | D:3      | Found a runed door.
  2325 | D:3      | Noticed Crazy Yiuf
  2329 | D:3      | Killed Crazy Yiuf
  2329 | D:3      | Reached skill level 5 in Stealth
  3040 | D:3      | Reached XP level 6. HP: 42/42 MP: 6/6
  3229 | D:4      | Noticed a phantom
  3231 | D:4      | Found a staircase to the Ecumenical Temple.
  3246 | Temple   | Entered the Ecumenical Temple
  3339 | Temple   | Became a worshipper of the Wu Jian Council
  3604 | D:4      | Reached skill level 5 in Short Blades
  3842 | D:4      | Reached XP level 7. HP: 46/46 MP: 7/7
  4155 | D:4      | Found a glowing silver altar of Zin.
  4155 | D:4      | Noticed an angel
  4352 | D:5      | Entered Level 5 of the Dungeon
  4949 | D:5      | Reached XP level 8. HP: 52/52 MP: 8/8
  4960 | D:5      | Reached * piety under Wu Jian
  4970 | D:5      | Found a stormy altar of Qazlal.
  5535 | D:6      | Found an iron altar of Okawaru.
  5628 | D:6      | Reached skill level 4 in Shields
  5686 | D:6      | Found a sacrificial altar of Ru.
  5803 | D:6      | Found a blossoming altar of Fedhas.
  5848 | D:6      | Found a runed gate.
  5852 | D:6      | Found a runed gate.
  5852 | D:6      | Found a runed gate.
  5857 | D:6      | Identified the +10 whip of the Bouncing Allies {pain, MR+}
  5872 | D:6      | Noticed hemabe's ghost (novice HuAr)
  6262 | D:7      | Noticed Joseph
  6269 | D:7      | Killed Joseph
  6269 | D:7      | Reached skill level 5 in Fighting
  6269 | D:7      | Reached skill level 5 in Shields
  6269 | D:7      | Reached XP level 9. HP: 55/61 MP: 9/9
  6315 | D:7      | Found Wunanij's Antique Armour Shoppe.
  6319 | D:7      | Bought a glowing shield for 225 gold pieces
  6377 | D:7      | Found an ancient bone altar of Kikubaaqudgha.
  6418 | D:7      | Found a white marble altar of Elyvilon.
  6425 | D:7      | Reached ** piety under Wu Jian
  6463 | D:7      | Noticed Blork the orc
  6481 | D:7      | Killed Blork the orc
  6481 | D:7      | Reached skill level 6 in Shields
  6523 | D:7      | Found a hazy altar of Hepliaklqana.
  6525 | D:7      | Found a shattered altar of Ashenzari.
  6532 | D:7      | Found a sparkling altar of Nemelex Xobeh.
  6552 | D:7      | Identified the cursed +0 scale mail of the Aged Gods
                  | {rElec}
  6557 | D:7      | Noticed a hornet
  6564 | D:7      | Killed a hornet
  6822 | D:7      | Noticed EnegeticOcto's ghost (novice OgWr)
  6836 | D:7      | Found a transporter.
  6836 | D:7      | Found a transporter.
  6843 | D:7      | Noticed Menkaure
  6850 | D:7      | Killed Menkaure
  7136 | D:7      | Reached skill level 7 in Shields
  7136 | D:7      | Reached XP level 10. HP: 50/71 MP: 10/10
  7333 | D:7      | Noticed Pikel
  7382 | D:7      | Killed Pikel
  7925 | D:8      | Found a staircase to the Lair.
  7967 | D:8      | Found an opulent altar of Gozag.
  8009 | D:8      | Noticed a moth of wrath
  8012 | D:8      | Found a bloodstained altar of Trog.
  8240 | D:8      | Reached skill level 8 in Shields
  8562 | D:7      | Reached *** piety under Wu Jian
  8671 | D:9      | Noticed Prince Ribbit
  8694 | D:9      | Killed Prince Ribbit
  8768 | D:9      | Noticed a two-headed ogre
  8779 | D:9      | Killed a two-headed ogre
  8779 | D:9      | Reached skill level 10 in Short Blades
  8900 | D:8      | Reached XP level 11. HP: 44/78 MP: 11/11
  9197 | D:9      | Reached skill level 9 in Shields
  9889 | D:9      | Noticed a two-headed ogre
  9901 | D:9      | Killed a two-headed ogre
 10184 | D:10     | Entered Level 10 of the Dungeon
 10184 | D:10     | Noticed Josephine
 10188 | D:10     | Killed Josephine
 10763 | D:10     | Found a viscous altar of Jiyva.
 11108 | D:10     | Reached **** piety under Wu Jian
 11136 | D:10     | Reached skill level 10 in Fighting
 11136 | D:10     | Reached skill level 10 in Shields
 11832 | D:11     | Noticed Erolcha
 11836 | D:11     | Found a flagged portal.
 11847 | D:11     | Killed Erolcha
 11858 | Bailey   | Entered a bailey
 12007 | Bailey   | Noticed an orc knight
 12010 | Bailey   | Killed an orc knight
 12010 | Bailey   | Reached XP level 12. HP: 87/87 MP: 12/12
 12226 | Bailey   | Found an iron altar of Okawaru.
 12297 | D:11     | Noticed a two-headed ogre
 12313 | D:11     | Killed a two-headed ogre
 12493 | D:11     | Reached skill level 10 in Stealth
 12497 | D:11     | Noticed Snorg
 12512 | D:11     | Killed Snorg
 12792 | D:11     | Noticed Sonja
 12806 | D:11     | Killed Sonja
 13446 | D:12     | Found a staircase to the Orcish Mines.
 13499 | D:12     | Reached skill level 11 in Shields
 14153 | D:12     | Reached skill level 1 in Evocations
 14395 | Lair:1   | Entered Level 1 of the Lair of Beasts
 14397 | Lair:1   | Reached ***** piety under Wu Jian
 14880 | Lair:1   | Noticed Urug
 14995 | Lair:1   | Killed Urug
 14995 | Lair:1   | Reached XP level 13. HP: 89/96 MP: 13/15
 15252 | Lair:2   | Noticed Harold
 15272 | Lair:2   | Killed Harold
 15343 | Lair:2   | Found a staircase to the Swamp.
 16445 | Lair:3   | Reached skill level 12 in Shields
 16736 | Lair:3   | Found a hole to the Spider Nest.
 16985 | Lair:4   | Reached skill level 5 in Evocations
 18687 | Lair:4   | Reached skill level 13 in Shields
 19214 | Lair:5   | Found a dark tunnel.
 19224 | Volcano  | Entered a volcano
 19431 | Volcano  | Noticed a stone giant
 19456 | Volcano  | Killed a stone giant
 19456 | Volcano  | Reached XP level 14. HP: 94/103 MP: 18/18
 20617 | Lair:5   | Learned a level 1 spell: Confusing Touch
 20903 | Lair:5   | Found a staircase to the Slime Pits.
 21451 | Lair:6   | Entered Level 6 of the Lair of Beasts
 21467 | Lair:6   | Reached skill level 1 in Hexes
 21469 | Lair:6   | Reached skill level 1 in Spellcasting
 21660 | Lair:5   | Reached skill level 14 in Shields
 21933 | Lair:6   | Reached ****** piety under Wu Jian
 25188 | Lair:6   | Reached skill level 15 in Shields
 25429 | Lair:6   | Identified the Handbook of Mutagenic Summoning
 25684 | Orc:1    | Entered Level 1 of the Orcish Mines
 25715 | Orc:1    | Reached skill level 5 in Hexes
 25762 | Orc:1    | Reached skill level 5 in Dodging
 25766 | Orc:1    | Reached XP level 15. HP: 108/108 MP: 19/19
 26268 | Orc:2    | Entered Level 2 of the Orcish Mines
 26268 | Orc:2    | Found a roughly hewn altar of Beogh.
 26459 | Orc:2    | Found a staircase to the Elven Halls.
 26911 | Orc:2    | Noticed an orc warlord
 27542 | Orc:2    | Killed an orc warlord
 27773 | Orc:2    | Found a roughly hewn altar of Beogh.
 27776 | Orc:2    | Found Wioj's Antique Weapon Shop.
 27951 | Orc:2    | Found Saiwawuy's General Store.
 28118 | Orc:2    | Found Fiupn's Antique Armour Shop.
 28133 | Orc:2    | Found Winnuo's Book Shop.
 28156 | Orc:2    | Bought a runed blowgun for 137 gold pieces
 28419 | Orc:2    | Bought 2 potions of brilliance for 120 gold pieces
 28435 | Orc:2    | Bought a runed buckler for 165 gold pieces
 28503 | Orc:2    | Bought a scroll of acquirement for 780 gold pieces
 28506 | Orc:2    | Got an ancient rapier
 28507 | Orc:2    | Identified the +2 rapier of Lipsy {venom, Str+4 Int-3} (You
                  | acquired it on level 2 of the Orcish Mines)
 28899 | D:13     | Found a gate to the Vaults.
 29305 | D:13     | Found a sparkling altar of Nemelex Xobeh.
 30626 | D:13     | Learned a level 2 spell: Blink
 31116 | D:14     | Reached skill level 1 in Translocations
 31719 | D:14     | Reached XP level 16. HP: 57/114 MP: 22/22
 31944 | D:14     | Found Yteli's Distillery.
 31951 | D:14     | Bought a potion of resistance for 120 gold pieces
 31951 | D:14     | Bought a potion of degeneration for 12 gold pieces
 31953 | D:14     | Gained mutation: You are frail. (-10% HP) [potion of
                  | mutation]
 31953 | D:14     | Gained mutation: You are partially covered in large bone
                  | plates. (SH +4) [potion of mutation]
 31953 | D:14     | Gained mutation: You are dopey. (Int -2) [potion of
                  | mutation]
 31953 | D:14     | Gained mutation: Your spells are a little harder to cast,
                  | but a little more powerful. [potion of mutation]
 31957 | D:14     | Reached XP level 17. HP: 107/107 MP: 23/23
 32062 | D:14     | Found a shattered altar of Ashenzari.
 33181 | D:14     | Learned a level 3 spell: Dazzling Spray
 33186 | D:14     | Learned a level 4 spell: Cause Fear
 33216 | D:15     | Entered Level 15 of the Dungeon
 33639 | Spider:1 | Entered Level 1 of the Spider Nest
 34862 | Spider:2 | Noticed Arachne
 34877 | Spider:2 | Killed from afar by Arachne

Vault maps used:
D:1:      elethiomel_arrival_quiet, nicolae_ashenzari_panopticon
D:2:      trog_butcher_becter
D:3:      first_ration, uniq_crazy_yiuf_cottage
D:4:      zin_angel, minmay_temple_entry_large_hall, grunt_decor_cap,
          minmay_distorted
D:5:      grunt_qazlal_sundering
D:6:      hangedman_ru_absence, gammafunk_ghost_nasty_kobolds, basic_altar,
          kennysheep_okawaru_gauntlet
D:7:      kennysheep_vampire_church, grunt_temple_overflow_open, serial_shops,
          nicolae_shop_crystal, gammafunk_ghost_gnarly_gnolls, sword_in_stone,
          uniq_menkaure, uniq_joseph, uniq_pikel
D:8:      nicolae_overflow_hidden_temple, tgw_trog, david_lair_shrubbed,
          serial_bayou, serial_bayou_shore_a, serial_bayou_pond_e,
          serial_bayou_crossing, serial_bayou_pond_c, serial_bayou_pond_a,
          serial_bayou_shore_b, grunt_ogre_cave
D:9:      uniq_prince_ribbit1
D:10:     jiyva_altar_1, uniq_josephine
D:11:     enter_bailey_2, hangedman_abyss_or_decor_passed, uniq_snorg,
          uniq_sonja, uniq_erolcha
D:12:     david_orc_3
D:13:     hangedman_vaults_entry_quadrant_bands, basic_altar
D:14:     hangedman_cross_cluster, minivault_4, serial_shops,
          nicolae_shop_trees, lemuel_centaur_altar
D:15:     grunt_enter_depths_giant_problem, minmay_misc_feat_plants,
          spider_trap, lemuel_statue_altar, uniq_agnes
Temple:   dshaligram_water_room_temple
Lair:1:   grunt_megastairs_3, uniq_urug
Lair:2:   skrybe_swamp_entry_bodies, uniq_harold
Lair:3:   nicolae_spider_entry_orb_guardian, lemuel_fruit_fields
Lair:5:   nicolae_slime_entry_slimehenge, nicolae_volcano_entry_lava_flow
Lair:6:   grunt_lair_end_beastmaster, serial_bayou_shore_b
Spider:2: uniq_arachne
Orc:2:    grunt_orc_cross, basic_altar
Bailey:   bailey_axe_3, bailey
Volcano:  volcano_pools

Skill      XL: |  1  2  3  4  5  6  7  8  9 10 11 12 13 14 15 16 17 |
---------------+----------------------------------------------------+-----
Stealth        | 1 2 3 4 5 6 8 9 10 12 13 14 | 14.0
Short Blades   | 3 4 5 6 7 9 10 11 12 13 14 | 14.0
Fighting       | 5 7 8 10 11 12 | 12.7
Shields        | 5 7 8 10 11 13 15 | 15.0
Evocations     | 3 6 8 |  8.0
Hexes          | 5 6 7 |  7.4
Spellcasting   | 2 3 4 |  4.0
Dodging        | 5 8 9 |  9.3
Translocations | 2 |  2.0

Action                   |  1- 3 |  4- 6 |  7- 9 | 10-12 | 13-15 | 16-18 || total
-------------------------+-------+-------+-------+-------+-------+-------++-------
Melee: Rapier            |    66 |    91 |   202 |   390 |   315 |   344 ||  1408
       Constrict         |    17 |    18 |    48 |    75 |   161 |    54 ||   373
       Tentacles         |    10 |    13 |    46 |   226 |   626 |   128 ||  1049
       Spear             |       |       |     8 |     6 |       |       ||    14
       Short sword       |       |       |       |   331 |  1376 |       ||  1707
Throw: Tomahawk          |       |       |       |       |     9 |       ||     9
 Cast: Confusing Touch   |       |       |       |       |    47 |     4 ||    51
Invok: Lunge             |       |     4 |    26 |    72 |   131 |    44 ||   277
       Whirlwind         |       |       |     3 |    59 |   133 |    50 ||   245
       Serpent's Lash    |       |       |       |       |     1 |       ||     1
Evoke: Wand              |       |       |       |     8 |     2 |       ||    10
       Lightning rod     |       |       |       |     2 |     3 |       ||     5
       Lamp of fire      |       |       |       |       |     1 |       ||     1
  Use: Scroll            |       |     5 |     5 |     2 |    20 |     1 ||    33
       Potion            |       |       |     1 |     1 |     5 |     3 ||    10
 Stab: Sleeping          |     6 |    24 |    24 |    25 |    53 |    14 ||   146
       Distracted        |       |       |     1 |     3 |     6 |     2 ||    12
       Invisible         |       |       |       |       |     4 |       ||     4
       Confused          |       |       |       |       |    45 |     4 ||    49
  Eat: Chunk             |     1 |     8 |     9 |    24 |    38 |     4 ||    84
       Ration            |       |       |       |     1 |     5 |     2 ||     8
Armor: Skin              |     1 |     5 |    17 |    74 |   140 |    23 ||   260
Dodge: Dodged            |    14 |    29 |    56 |   141 |   304 |    71 ||   615
Block: Shield            |    21 |    33 |    72 |   289 |   693 |   191 ||  1299

Table legend:
 A = Non-vault XP
 B = Vault XP
 C = Vault XP percentage of total XP
 D = Non-vault monster count
 E = Vault monster count
 F = Vault count percentage of total count
                 A         B        C        D         E       F
            +---------+---------+-------+---------+---------+-------
      Total |  106480 |   50073 |  32.0 |     604 |     185 |  23.4
            +---------+---------+-------+---------+---------+-------
        D:1 |      47 |       0 |   0.0 |      24 |       0 |   0.0
        D:2 |      79 |      11 |  12.2 |      28 |       4 |  12.5
        D:3 |     141 |      41 |  22.5 |      28 |       1 |   3.4
        D:4 |     265 |     126 |  32.2 |      13 |       2 |  13.3
        D:5 |     561 |       0 |   0.0 |      25 |       0 |   0.0
        D:6 |     567 |       4 |   0.7 |      18 |       2 |  10.0
        D:7 |    1748 |    2079 |  54.3 |      30 |      16 |  34.8
        D:8 |    1475 |     510 |  25.7 |      16 |       7 |  30.4
        D:9 |    3221 |     691 |  17.7 |      24 |       3 |  11.1
       D:10 |    3359 |    2012 |  37.5 |      33 |       8 |  19.5
       D:11 |    2275 |    3078 |  57.5 |      15 |       3 |  16.7
       D:12 |    4791 |     266 |   5.3 |      25 |       6 |  19.4
       D:13 |    7786 |    6486 |  45.4 |      25 |      17 |  40.5
       D:14 |   11134 |    8720 |  43.9 |      37 |      27 |  42.2
       D:15 |     214 |       0 |   0.0 |       1 |       0 |   0.0
     Lair:1 |    1699 |    1124 |  39.8 |       9 |       3 |  25.0
     Lair:2 |    2058 |    1533 |  42.7 |       7 |       3 |  30.0
     Lair:3 |    5077 |     605 |  10.6 |      18 |       1 |   5.3
     Lair:4 |   14619 |       0 |   0.0 |      44 |       0 |   0.0
     Lair:5 |    7744 |     132 |   1.7 |      30 |       7 |  18.9
     Lair:6 |    8734 |   10602 |  54.8 |      26 |      18 |  40.9
   Spider:1 |   14843 |       0 |   0.0 |      47 |       0 |   0.0
   Spider:2 |    5423 |       0 |   0.0 |      12 |       0 |   0.0
      Orc:1 |    4958 |     165 |   3.2 |      34 |       1 |   2.9
      Orc:2 |    3662 |    7502 |  67.2 |      35 |      33 |  48.5
     Bailey |       0 |    1863 | 100.0 |       0 |      16 | 100.0
    Volcano |       0 |    2523 | 100.0 |       0 |       7 | 100.0
            +---------+---------+-------+---------+---------+-------
